Construct Infanterie Kompanie
Construct Luftwaffe Kompanie
Selects Luftwaffe Battlegroup
Selects Stuka Strafing Run
Selects Luftwaffe Pioneer Support
Fallschirmpioneer Squad Paradrop
Marder III M Tank Destroyer
Selects Fallschirmjäger Squad Paradrop
Selects Fragmentation Bombs
Marder III M Tank Destroyer
Luftwaffe Officer Quarters
Selects Flak 38 Anti-Air Emplacement
Marder III M Tank Destroyer
Selects Flak 36 Anti-tank Gun Emplacement